 Dungeon Crawl Stone Soup version 0.31-a0-331-geda263fcf1 (webtiles) character file.

Game seed: 17099390221451820559

115 arthad the Blocker (level 5, -1/41 (43) HPs)
             Began as a Gnoll Wanderer on July 19, 2023.
             Slain by a wight
             ... wielding a +3 trident of freezing
              (4 damage)
             ... on level 4 of the Dungeon.
             The game lasted 00:04:31 (2203 turns).

arthad the Blocker (Gnoll Wanderer)                 Turns: 2203, Time: 00:04:31

HP:   -1/41 (43)    AC:  4    Str: 16    XL:     5   Next: 0%
MP:   6/6           EV: 10    Int:  8    God:
Gold: 209           SH: 17    Dex: 18    Spells: 5/6 levels left

rFire   . . .        j - +2 whip (drain)
rCold   . . .        p - +0 kite shield
rNeg    . . .        d - +0 leather armour
rPois   .            (no helmet)
rElec   .            e - scarf {shadows}
rCorr   .            (no gloves)
SInv    .            l - +0 pair of boots
Will    .....        A - amulet of reflection
Stlth   ++           y - +6 ring of dexterity
HPRegen 0.26/turn    (no ring)
MPRegen 0.10/turn

%: reflection
@: lightly drained
A: fangs 1, strong nose, distributed training
a: no special abilities


You were on level 4 of the Dungeon.
You visited 1 branch of the dungeon, and saw 4 of its levels.

You collected 209 gold pieces.

Inventory:

Hand Weapons
 a - a +1 mace
 j - a +2 whip of draining (weapon)
Missiles
 q - 3 poisoned darts
Armour
 b - a +2 buckler
 d - a +0 leather armour (worn)
 e - a scarf of shadows (worn)
 l - a +0 pair of boots (worn)
 p - a +0 kite shield (worn)
Magical Staves
 z - a staff of death
Jewellery
 y - a +6 ring of dexterity (left hand)
 A - an amulet of reflection (around neck)
 B - a ring of wizardry
Talismans
 E - a beast talisman
Wands
 w - a wand of iceblast (10)
Scrolls
 f - 8 scrolls of identify {unknown}
 g - a scroll of noise {unknown}
 i - 3 scrolls of enchant weapon {unknown}
 k - a scroll of immolation {unknown}
 m - a scroll of torment {unknown}
 n - a scroll of fog {unknown}
 u - 2 scrolls of teleportation {unknown}
 v - a scroll of amnesia {unknown}
 x - 2 scrolls of enchant armour {unknown}
Potions
 c - 2 potions of haste
 h - a potion of attraction {unknown}
 o - 2 potions of heal wounds {unknown}
 r - a potion of ambrosia {unknown}
 s - a potion of enlightenment {unknown}
 t - a potion of brilliance {unknown}
 C - a potion of resistance {unknown}
 D - 2 potions of curing {unknown}
 F - a potion of berserk rage {unknown}


   Skills:
 + Level 4.7 Fighting
 + Level 1.3 Short Blades
 + Level 1.3 Long Blades
 + Level 1.3 Axes
 + Level 6.6 Maces & Flails
 + Level 1.3 Polearms
 + Level 1.3 Staves
 + Level 1.3 Ranged Weapons
 + Level 1.3 Throwing
 + Level 1.3 Armour
 + Level 1.3 Dodging
 + Level 1.3 Stealth
 + Level 10.5 Shields
 + Level 1.3 Unarmed Combat
 + Level 1.3 Spellcasting
 + Level 1.0 Conjurations
 + Level 1.0 Hexes
 + Level 1.0 Summonings
 + Level 1.0 Necromancy
 + Level 1.0 Translocations
 + Level 1.0 Transmutations
 + Level 1.0 Fire Magic
 + Level 1.0 Ice Magic
 + Level 1.0 Air Magic
 + Level 1.0 Earth Magic
 + Level 1.0 Poison Magic
 + Level 1.4 Invocations
 + Level 1.3 Evocations
 + Level 1.0 Shapeshifting


You had 5 spell levels left.
You knew the following spells:

 Your Spells              Type           Power      Damage    Failure   Level
a - Magic Dart            Conj           8%         1d3       54%         1

Your spell library contained the following spells:

 Spells                   Type           Power      Damage    Failure   Level
 Sandblast                Erth           4%         2d4       54%         1
 Call Imp                 Summ           4%         N/A       69%         2
 Passwall                 Tmut/Erth      1%         N/A       69%         2
 Mephitic Cloud           Conj/Pois/Air  2%         N/A       89%         3
 Stone Arrow              Conj/Erth      4%         3d7       89%         3


Dungeon Overview and Level Annotations

Branches:
Dungeon (4/15)
 Temple: D:4-7

Altars:
Qazlal
Sif Muna
Wu Jian

Shops:
D:4 (


Innate Abilities, Weirdness & Mutations

You have very sharp teeth.
Your uncanny sense of smell can sniff out nearby items.
Your experience applies equally to all skills.


Message History

You hit the wight but do no damage.
The wight is lightly damaged.
You block the goblin's attack. You block the wight's attack.
You hit the wight.
The wight is heavily damaged.
The goblin hits you but does no damage. You block the wight's attack.
You barely miss the wight.
The wight is heavily damaged.
You hit the wight.
The wight is severely damaged.
You block the wight's attack. You block the goblin's attack.
You hit the wight but do no damage.
The wight is severely damaged.
You block the iguana's attack. You block the goblin's attack.
You block the wight's attack.
You barely miss the wight.
The wight is severely damaged.
The iguana bites you! You block the wight's attack.
You block the goblin's attack.
You are too injured to fight recklessly!
You are too injured to fight recklessly!
You are too injured to fight recklessly!
You are too injured to fight recklessly!
You are too injured to fight recklessly!
You are too injured to fight recklessly!
You are too injured to fight recklessly!
You are too injured to fight recklessly!
You are too injured to fight recklessly!
You are too injured to fight recklessly!
You are too injured to fight recklessly!
You are too injured to fight recklessly!
You are too injured to fight recklessly!
You are too injured to fight recklessly!
You barely miss the wight.
The wight is severely damaged.
The iguana bites you.
The wight hits you with a +3 trident of freezing!
* * * LOW HITPOINT WARNING * * *
The wight freezes you.
You die...

##.#######
### #.# #
#.# # #.####
##....# #<
###..##.#
##.#.#.#.#.#
#..........#
##....@..###
#....gzl..#
##..>....##
#.........#
##.......##
#.........
##.#.#.#.#.


You could see an iguana, a wight and a goblin.

Vanquished Creatures
  An iguana (D:4)
  3 adders
  2 worms (D:2)
  An orc (D:3)
  A bat (D:2)
  5 endoplasms
  7 giant cockroaches
  3 goblins (D:2)
  7 hobgoblins
  6 jackals
  A quokka (D:3)
  3 ball pythons
  4 frilled lizards
  6 kobolds
  A rat (D:1)
51 creatures vanquished.

Notes
Turn   | Place    | Note
-------+----------+-------------------------------------------
     0 | D:1      | Reached skill level 10 in Shields
     0 | D:1      | arthad the Gnoll Wanderer began the quest for the Orb.
     0 | D:1      | arthad set off with the following items: a +1 mace, a +2
                  | buckler, a potion of haste, a +0 leather armour.
     0 | D:1      | Reached XP level 1. HP: 20/20 MP: 1/1
   158 | D:1      | Reached XP level 2. HP: 24/26 MP: 2/2
   503 | D:2      | Reached XP level 3. HP: 31/31 MP: 3/3
   513 | D:2      | Learned a level 1 spell: Magic Dart
   594 | D:2      | Reached skill level 1 in Invocations
   789 | D:2      | Found a faded altar of an unknown god.
   828 | D:2      | Reached skill level 1 in Short Blades
   828 | D:2      | Reached skill level 1 in Long Blades
   828 | D:2      | Reached skill level 1 in Axes
   828 | D:2      | Reached skill level 1 in Polearms
   828 | D:2      | Reached skill level 1 in Staves
   828 | D:2      | Reached skill level 1 in Ranged Weapons
   828 | D:2      | Reached skill level 1 in Throwing
   828 | D:2      | Reached skill level 1 in Armour
   828 | D:2      | Reached skill level 1 in Dodging
   828 | D:2      | Reached skill level 1 in Stealth
   828 | D:2      | Reached skill level 1 in Unarmed Combat
   828 | D:2      | Reached skill level 1 in Spellcasting
   828 | D:2      | Reached skill level 1 in Evocations
  1220 | D:3      | Reached XP level 4. HP: 38/38 MP: 5/5
  1369 | D:3      | Found an ornate altar of the Wu Jian Council.
  1506 | D:3      | Found a stormy altar of Qazlal.
  1833 | D:3      | Found a shimmering blue altar of Sif Muna.
  2117 | D:4      | Found Ubauzxiv's Weapon Emporium.
  2145 | D:4      | Reached skill level 1 in Conjurations
  2145 | D:4      | Reached skill level 1 in Hexes
  2145 | D:4      | Reached skill level 1 in Summonings
  2145 | D:4      | Reached skill level 1 in Necromancy
  2145 | D:4      | Reached skill level 1 in Translocations
  2145 | D:4      | Reached skill level 1 in Transmutations
  2145 | D:4      | Reached skill level 1 in Fire Magic
  2145 | D:4      | Reached skill level 1 in Ice Magic
  2145 | D:4      | Reached skill level 1 in Air Magic
  2145 | D:4      | Reached skill level 1 in Earth Magic
  2145 | D:4      | Reached skill level 1 in Poison Magic
  2145 | D:4      | Reached skill level 1 in Shapeshifting
  2194 | D:4      | Reached XP level 5. HP: 39/42 MP: 6/6
  2203 | D:4      | Slain by a wight

Illustrated notes

Levels and vault maps discovered:
D:1:      minmay_arrival_nine_rooms, layout_rooms
D:2:      layout_basic, shapermc_ecumenical_altar_mp_highgroup,
          chequers_decorated_corner
D:3:      layout_loops_ring, nicolae_sif_muna_little_library, lemuel_tele_altar,
          mainiacjoe_overflow_surrounded_room,
          wander_ebering_terrifying_dragon_lair
D:4:      layout_basic, minmay_temple_entry_glassed_door, serial_shops,
          nicolae_shop_stone, st_stairs_4

Skill      XL: |  1  2  3  4 |
---------------+-------------+-----
Shields        | | 10.5
Invocations    | 1 |  1.4
Short Blades   | 1 |  1.3
Long Blades    | 1 |  1.3
Axes           | 1 |  1.3
Polearms       | 1 |  1.3
Staves         | 1 |  1.3
Ranged Weapons | 1 |  1.3
Throwing       | 1 |  1.3
Armour         | 1 |  1.3
Dodging        | 1 |  1.3
Stealth        | 1 |  1.3
Unarmed Combat | 1 |  1.3
Spellcasting   | 1 |  1.3
Evocations     | 1 |  1.3
Conjurations   | 1 |  1.0
Hexes          | 1 |  1.0
Summonings     | 1 |  1.0
Necromancy     | 1 |  1.0
Translocations | 1 |  1.0
Transmutations | 1 |  1.0
Fire Magic     | 1 |  1.0
Ice Magic      | 1 |  1.0
Air Magic      | 1 |  1.0
Earth Magic    | 1 |  1.0
Poison Magic   | 1 |  1.0
Shapeshifting  | 1 |  1.0
Fighting       | |  4.7
Maces & Flails | |  6.6

Action                     |  1- 3 |  4- 6 || total
---------------------------+-------+-------++-------
  Melee: Mace              |    15 |       ||    15
         Bite              |     9 |     3 ||    12
         Whip              |    69 |    70 ||   139
   Stab: Sleeping          |     1 |       ||     1
 Armour: Leather armour    |    10 |    15 ||    25
  Dodge: Dodged            |    17 |    15 ||    32
  Block: Buckler           |     7 |       ||     7
         Kite shield       |    19 |    74 ||    93

Table legend: (Time is in decaauts)
 A = Elapsed time spent in this place.
 B = Non-inter-level travel time spent in this place.
 C = Inter-level travel time spent in this place.
 D = Time resting spent in this place.
 E = Time spent auto-exploring this place.
 F = Levels seen in this place.
 G = Mean time per level.
                   A        B        C        D        E       F      G
               +--------+--------+--------+--------+--------+-----+--------+
         Total |   2187 |   2142 |     45 |      0 |   1729 |   4 |  546.8 |
       Dungeon |   2187 |   2142 |     45 |      0 |   1729 |   4 |  546.8 |
               +--------+--------+--------+--------+--------+-----+--------+

Top non-repeatable levels by time:
     D:3: 868 daAuts
     D:2: 716 daAuts
     D:1: 440 daAuts
     D:4: 162 daAuts
